 Dungeon Crawl Stone Soup version 0.29.1-4-g47bece8355 (webtiles) character file.

Game seed: 6707480945290656139

412 GigaChad the Chopper (level 6, -1/55 HPs)
             Began as a Minotaur Fighter on Dec 5, 2022.
             Succumbed to a scorpion's poison
             ... on level 5 of the Dungeon.
             The game lasted 00:05:12 (3788 turns).

GigaChad the Chopper (Minotaur Fighter)             Turns: 3788, Time: 00:05:13

Health: -1/55      AC:  9    Str: 23    XL:     6   Next: 59%
Magic:  5/5        EV:  8    Int:  5    God:
Gold:   299        SH:  4    Dex:  9    Spells: 5/5 levels left

rFire   . . .      SeeInvis .   o - +0 war axe (elec)
rCold   . . .      Faith    .   c - +0 buckler
rNeg    . . .      Spirit   .   j - +0 chain mail
rPois   .          Reflect  .   (helmet restricted)
rElec   .          Harm     .   (no cloak)
rCorr   .          Rampage  .   (no gloves)
Will    .....                   (no boots)
Stlth   ..........              (no amulet)
HPRegen 0.18/turn               (no ring)
MPRegen 0.09/turn               (no ring)

@: lethally poisoned (-1 -> -26)
A: horns 2, retaliatory headbutt
a: no special abilities


You were on level 5 of the Dungeon.
You visited 1 branch of the dungeon, and saw 5 of its levels.

You collected 299 gold pieces.

Inventory:

Hand Weapons
 a - a +0 war axe
 o - a +0 war axe of electrocution (weapon)
Armour
 b - a +0 scale mail
 c - a +0 buckler (worn)
 j - a +0 chain mail (worn)
Jewellery
 u - an amulet of faith
Wands
 n - a wand of digging (3) (quivered)
Scrolls
 g - 6 scrolls of identify {unknown}
 h - 4 scrolls of teleportation
 m - a scroll of amnesia {unknown}
 p - 2 scrolls of blinking {unknown}
 q - 2 scrolls of magic mapping {unknown}
 t - a scroll of acquirement {unknown}
 y - 2 scrolls of noise {unknown}
Potions
 d - a potion of might
 e - a potion of degeneration {unknown}
 f - a potion of ambrosia {unknown}
 i - 3 potions of curing {unknown}
 k - a potion of lignification {unknown}
 l - 3 potions of resistance {unknown}
 r - a potion of flight {unknown}
 s - 2 potions of haste {unknown}
 v - a potion of attraction {unknown}
 w - 2 potions of heal wounds {unknown}
 x - 2 potions of magic {unknown}


   Skills:
 + Level 4.8 Fighting
 + Level 5.3 Axes
 + Level 5.2 Armour
 + Level 2.0 Dodging
 + Level 0.1 Stealth
 + Level 5.0 Shields


You had 5 spell levels left.
You didn't know any spells.
Your spell library contained the following spells:

 Spells                   Type           Power      Damage    Failure   Level
 Summon Small Mammal      Summ           0%         N/A       99%         1
 Static Discharge         Conj/Air       0%         3-3/arc   100%        2
 Call Canine Familiar     Summ           0%         N/A       100%        3
 Summon Guardian Golem    Hex/Summ       0%         N/A       100%        3
 Lightning Bolt           Conj/Air       0%         1d11      100%        5
 Maxwell's Capacitive Co  Air            0%         ∞         100%        8


Dungeon Overview and Level Annotations

Branches:
Dungeon (5/15)
 Temple: D:4-7

Altars:

Shops:
D:4 [


Innate Abilities, Weirdness & Mutations

You have a pair of horns on your head.
You reflexively headbutt those who attack you in melee.


Message History

Lightning courses through the white imp!!
You kill the white imp!
You barely miss the scorpion.
You feel sick.
The scorpion stings you but does no damage.
The scorpion stings you.
You are more poisoned.
The scorpion poisons you!
You slash the scorpion!
The scorpion is severely wounded.
You feel very sick.
The scorpion stings you but does no damage.
You hit the scorpion but do no damage. Your headbutt misses the scorpion.
The scorpion is severely wounded.
You feel very sick. You block the scorpion's attack.
You hit the scorpion but do no damage.
The scorpion is severely wounded.
You feel sick.
The scorpion stings you but does no damage.
The scorpion stings you.
* * * LOW HITPOINT WARNING * * *
You are lethally poisoned!
The scorpion poisons you!
You barely miss the scorpion. You headbutt the scorpion.
The scorpion is almost dead.
* * * LOW HITPOINT WARNING * * *
You feel very sick. The scorpion closely misses you.
You closely miss the scorpion.
The scorpion is almost dead.
* * * LOW HITPOINT WARNING * * *
You feel very sick. The scorpion stings you.
* * * LOW HITPOINT WARNING * * *
You are more poisoned.
The scorpion poisons you!
The scorpion stings you but does no damage.
You barely miss the scorpion. You headbutt the scorpion.
You kill the scorpion!
You die...

..............
...$...............
....$...............
....................
....................
.............[......
...$....##.......#..
.......@............
........?)..........
........#...<.....#
........#...........
........#...........
.................#..
.....!..#.........#.
........#.........#
......#.............


There were no monsters in sight!

Vanquished Creatures
  An ice beast (D:4)
  An ogre (D:3)
  A scorpion (D:5)
  An orc priest (D:4)
  A jelly (D:4)
  An iguana (D:4)
  4 adders
  A white imp (D:5)
  2 worms (D:2)
  3 dart slugs (D:1)
  7 orcs
  6 endoplasms
  2 giant cockroaches (D:1)
  8 goblins
  7 hobgoblins
  2 jackals (D:2)
  4 quokkas
  7 ball pythons
  19 bats
  6 frilled lizards
  8 kobolds
  6 rats
98 creatures vanquished.

Notes
Turn   | Place    | Note
-------+----------+-------------------------------------------
     0 | D:1      | GigaChad the Minotaur Fighter began the quest for the Orb.
     0 | D:1      | Reached XP level 1. HP: 19/19 MP: 0/0
   141 | D:1      | Reached XP level 2. HP: 27/27 MP: 1/1
   514 | D:1      | Reached XP level 3. HP: 33/33 MP: 2/2
  1305 | D:2      | Reached XP level 4. HP: 40/40 MP: 3/3
  2164 | D:3      | Noticed an ogre
  2169 | D:3      | Killed an ogre
  2170 | D:3      | Reached XP level 5. HP: 14/47 MP: 4/4
  3015 | D:3      | Found a faded altar of an unknown god.
  3080 | D:4      | Reached skill level 1 in Dodging
  3132 | D:4      | Noticed an ice beast
  3140 | D:4      | Killed an ice beast
  3141 | D:4      | Reached skill level 5 in Axes
  3141 | D:4      | Reached skill level 5 in Shields
  3141 | D:4      | Reached XP level 6. HP: 55/55 MP: 5/5
  3350 | D:4      | Reached skill level 5 in Armour
  3416 | D:4      | Found Ythebutz's Armour Emporium.
  3770 | D:5      | Entered Level 5 of the Dungeon
  3788 | D:5      | Succumbed to a scorpion's poison

Illustrated notes

Levels and vault maps discovered:
D:1:      saegor_arrival_under_anarchy, layout_basic
D:2:      kb_forest_paths, layout_basic, columned_hall_lemuel
D:3:      layout_rooms, hellmonk_ecumenical_altar_inner_sanctum,
          hangedman_decor_points, roderic_batcave
D:4:      layout_basic, serial_shops, kennysheep_mini
D:5:      layout_rooms, minmay_temple_entry_overgrown, uniq_menkaure

Skill      XL: |  1  2  3  4  5  6 |
---------------+-------------------+-----
Shields        | 4 5 |  5.0
Armour         | 4 5 |  5.2
Fighting       | 4 |  4.8
Axes           | 3 4 5 |  5.3
Dodging        | 2 |  2.0
Stealth        | |  0.1

Action                   |  1- 3 |  4- 6 || total
-------------------------+-------+-------++-------
Melee: War axe           |    78 |   109 ||   187
       Headbutt          |     5 |    18 ||    23
Evoke: Wand              |       |     1 ||     1
  Use: Scroll            |     1 |       ||     1
Armor: Scale mail        |    32 |       ||    32
       Chain mail        |    42 |   103 ||   145
Dodge: Dodged            |    50 |    71 ||   121
Block: Buckler           |    20 |    50 ||    70
